 Dungeon Crawl Stone Soup version 0.23.2-33-g5129a83184 (webtiles) character file.

Game seed: 5524101749472588262

24271 Folque the Frost Mage (level 13, 0/81 HPs)
             Began as a Human Ice Elementalist on July 7, 2019.
             Was a High Priest of Sif Muna.
             Slain by a seven-headed hydra (10 damage)
             ... on level 3 of the Lair of Beasts.
             The game lasted 00:58:15 (18667 turns).

Folque the Frost Mage (Human Ice Elementalist)     Turns: 18667, Time: 00:58:16

Health: 0/81       AC:  8    Str: 16    XL:     13   Next: 41%
Magic:  1/23       EV: 16    Int: 21    God:    Sif Muna [*****.]
Gold:   945        SH:  0    Dex: 29    Spells: 0/26 levels left

rFire    x x .     SeeInvis .   y - +10 battleaxe of Death {holy, Str+5 Dex+3}
rCold    + + .     Gourm    .   (shield currently unavailable)
rNeg     + . .     Faith    .   W - +2 robe {Archmagi}
rPois    .         Spirit   .   t - +0 helmet
rElec    .         Reflect  .   (no cloak)
rCorr    .         Harm     .   a - +0 pair of gloves
MR       .....                  h - +1 pair of boots
Stlth    ++........             (no amulet)
HPRegen  0.23/turn              x - ring "Asul" {Ice rN+ Str+2 Dex+6 Stlth-}
MPRegen  0.18/turn              i - ring "Zythreb" {Ice Dex+7}

@: studying Short Blades, no casting
A: no striking features
a: Stop Divine Energy, Channel Magic, Forget Spell, Renounce Religion


You were on level 3 of the Lair of Beasts.
You worshipped Sif Muna.
Sif Muna was extremely pleased with you.
You were near starving.

You visited 3 branches of the dungeon, and saw 16 of its levels.
You also visited: Ice Cave.

You collected 945 gold pieces.

Inventory:

Hand Weapons
 y - the +10 battleaxe of Death (weapon) {holy, Str+5 Dex+3}
   (You found it on level 5 of the Dungeon)

   It has been blessed by the Shining One to cause great damage to the undead
   and demons.
   It affects your strength (+5).
   It affects your dexterity (+3).
Missiles
 K - 2 throwing nets (quivered)
Armour
 a - a +0 pair of gloves (worn)
 h - a +1 pair of boots (worn)
 t - a +0 helmet (worn)
 u - a +0 buckler
 W - a +2 robe of the Archmagi (worn)
Magical Staves
 L - an uncursed staff of death {unknown}
Jewellery
 e - an uncursed ring of flight
 i - the ring "Zythreb" (right hand) {Ice Dex+7}
   (You found it in an ice cave)

   [ring of ice]

   It enhances your ice magic.
   It affects your dexterity (+7).
   It makes you vulnerable to fire.
   It protects you from cold.
 j - a cursed -2 ring of protection {unknown}
 q - an uncursed ring of wizardry {unknown}
 w - an uncursed ring of see invisible {unknown}
 x - the ring "Asul" (left hand) {Ice rN+ Str+2 Dex+6 Stlth-}
   (You found it on level 5 of the Dungeon)

   [ring of ice]

   It enhances your ice magic.
   It affects your strength (+2).
   It affects your dexterity (+6).
   It makes you vulnerable to fire.
   It protects you from cold.
   It protects you from negative energy.
   It makes you less stealthy.
 z - a +2 ring of evasion {unknown}
 G - a cursed ring of teleportation {unknown}
 J - an uncursed ring of resist corrosion {unknown}
Wands
 g - a wand of random effects (22)
 B - a wand of disintegration (7)
 O - a wand of flame (13)
 S - a wand of paralysis (2)
 U - a wand of acid (30)
 Y - a wand of iceblast (7)
Scrolls
 b - 4 scrolls of teleportation {unknown}
 f - 3 scrolls of enchant armour
 k - a scroll of holy word {unknown}
 m - 2 scrolls of enchant weapon
 s - 6 scrolls of identify
 E - 3 scrolls of magic mapping
 M - 5 scrolls of remove curse
 P - 3 scrolls of blinking {unknown}
 Q - a scroll of torment {unknown}
 R - a scroll of vulnerability {unknown}
 V - a scroll of brand weapon {unknown}
 Z - 2 scrolls of fog {unknown}
Potions
 d - a potion of invisibility {unknown}
 l - a potion of haste {unknown}
 n - 3 potions of heal wounds
 o - a potion of cancellation
 r - 3 potions of flight
 v - a potion of berserk rage
 A - 2 potions of mutation {unknown}
 C - a potion of degeneration {unknown}
 D - 2 potions of might
 H - a potion of magic
 I - a potion of brilliance {unknown}
 T - a potion of agility {unknown}
Books
 p - a manual of Short Blades
Miscellaneous
 F - a fan of gales
Comestibles
 c - 25 rations
 N - 12 chunks of flesh


   Skills:
 - Level 1.0 Fighting
 - Level 3.4 Axes
 - Level 4.0 Dodging
 - Level 2.0 Stealth
 * Level 7.3 Spellcasting
 - Level 7.1 Conjurations
 - Level 5.0 Summonings
 + Level 12.0 Ice Magic
 - Level 7.5 Air Magic
 - Level 8.2 Invocations
 - Level 8.0 Evocations


You couldn't memorise any spells.
You knew the following spells:

 Your Spells              Type           Power        Failure   Level  Hunger
a - Bolt of Cold          Conj/Ice       ########..   26%         6    ######.
c - Ozocubu's Armour      Chrm/Ice       #######.     2%          3    None
d - Summon Ice Beast      Ice/Summ       #######.     2%          4    ###....
e - Throw Icicle          Conj/Ice       ########     1%          4    ###....
f - Summon Lightning Spi  Summ/Air       ######..     6%          4    ###....
g - Metabolic Englaciati  Hex/Ice        #######...   21%         5    #####..

Your spell library contained the following spells:

 Spells                   Type           Power        Failure   Level  Hunger
 Flame Tongue             Conj/Fire      ####.        1%          1    None
 Freeze                   Ice            ####         1%          1    None
 Summon Small Mammal      Summ           ####         1%          1    None
 Call Imp                 Summ           #####...     1%          2    None
 Ensorcelled Hibernation  Hex/Ice        ######       1%          2    None
 Throw Frost              Conj/Ice       ######       1%          2    None
 Throw Flame              Conj/Fire      ####..       3%          2    None
 Call Canine Familiar     Summ           #####...     3%          3    None
 Iskenderun's Mystic Bla  Conj           ######..     4%          4    ###....
 Conjure Flame            Conj/Fire      ####....     6%          3    None
 Dazzling Spray           Conj/Hex       ####..       6%          3    None
 Ice Form                 Ice/Tmut       #######.     7%          4    ###....
 Confusing Touch          Hex            ##....       9%          1    None
 Corona                   Hex            ##.....      9%          1    None
 Summon Guardian Golem    Hex/Summ       ####....     9%          3    None
 Ozocubu's Refrigeration  Ice            ########..   10%         6    ######.
 Lightning Bolt           Conj/Air       ######....   12%         5    #####..
 Sticky Flame             Conj/Fire      ####....     21%         4    ###....
 Confuse                  Hex            ##......     26%         3    None
 Gell's Gravitas          Tloc           ##........   26%         3    None
 Inner Flame              Hex/Fire       ##......     26%         3    None
 Tukima's Dance           Hex            ##......     26%         3    None
 Freezing Cloud           Conj/Ice/Air   ########..   34%         6    ######.
 Fireball                 Conj/Fire      ####......   50%         5    #####..
 Conjure Ball Lightning   Conj/Air       ######....   54%         6    ######.
 Petrify                  Tmut/Erth      ##......     65%         4    ###....
 Yara's Violent Unravell  Hex/Tmut       ##........   94%         5    #####..


Dungeon Overview and Level Annotations

Branches:
Dungeon (12/15)            Temple (1/1) D:5            Lair (3/6) D:8
    Orc (0/2) D:10
  Swamp: Lair:2-4    Shoals: Lair:2-4     Snake: Lair:2-4    Spider: Lair:2-4

Altars:
Ashenzari
Cheibriados
Dithmenos
Elyvilon
Fedhas
Gozag
Hepliaklqana
Kikubaaqudgha
Makhleb
Nemelex Xobeh
Okawaru
Qazlal
Ru
Sif Muna
Trog
Uskayaw
Vehumet
Wu Jian
Xom
Yredelemnul
Zin
The Shining One

Shops:
D:4 !   D:12 *


Message History

The seven-headed hydra bites you. x3
The seven-headed hydra closely misses you.
Evoke which item? (* to show all) (? for menu, Esc to quit)
Aiming: Corrosive Bolt
Press: ? - help, Shift-Dir - straight line, f - iguana, p - wyvern
Aim: an iguana The bolt of acid hits the seven-headed hydra!
The seven-headed hydra is splashed with acid.
The seven-headed hydra is almost dead.
The bolt of acid hits the wyvern!
The wyvern is splashed with acid.
The wyvern is severely wounded.
You hear an angry hiss.
The seven-headed hydra bites you! The seven-headed hydra bites you.
The seven-headed hydra bites you but does no damage.
The seven-headed hydra bites you!
* * * LOW HITPOINT WARNING * * *
The seven-headed hydra bites you!
* * * LOW HITPOINT WARNING * * *
The seven-headed hydra bites you!
You die...

........... ≈≈≈ ...##
............≈ ..≈ ...###
.##.#........P ... .....#
....#.......... ##.##l... #
....#.........###.....#.###....
....#.......#...#..l..#÷.D.....
†...............# ##..#...#...
....P........#..####D..#.##....
..............#.@Dll..####.....
+..P#..............#......... .
.......................P.....
............#P##...###.......
....#..P...######### .......
.........#.P# .......
....#....#.## ...#.#P
....#..##### .#....
.......#...### ...


You could see a seven-headed hydra, a five-headed hydra, a wyvern and an iguana.

Vanquished Creatures
  A frost giant (IceCv)
  A hydra (Lair:2)
  Erica (D:10)
  A death yak (IceCv)
  An unseen horror (D:12)
  An orc knight (D:12)
  2 ugly things
  A wolf spider (D:12)
  A deep elf mage (D:12)
  Joseph (D:7)
  A black mamba (Lair:3)
  An ice statue (IceCv)
  Psyche (D:12)
  A gargoyle (D:10)
  3 spiny frogs
  2 centaur skeletons
  5 komodo dragons
  9 polar bears
  2 hippogriffs
  Sigmund (D:6)
  2 shadows
  15 yaks
  2 wyverns
  3 hungry ghosts
  Menkaure (D:7)
  A soldier ant (D:7)
  3 water moccasins
  4 porcupines (Lair:2)
  2 sky beasts
  7 ice beasts
  An orc warrior (D:10)
  7 ogres
  3 phantoms
  8 wolves (IceCv)
  4 necrophages
  4 crocodiles
  A centaur (D:9)
  10 bullfrogs
  A wyvern zombie (D:12)
  2 scorpions
  A killer bee (D:10)
  8 wights
  2 howler monkeys
  4 crimson imps
  5 hounds
  2 quasits
  2 jellies
  2 bullfrog zombies
  2 centaur zombies
  A bullfrog skeleton (D:12)
  4 orc priests
  4 iguanas
  3 orc wizards
  Natasha (twice) (D:3)
  3 worker ants
  A hound skeleton (D:8)
  3 gnolls (D:7)
  10 adders
  2 shadow imps
  An ooze (D:1)
  3 adder skeletons
  A dart slug (D:2)
  6 leopard geckos
  32 orcs
  4 ball pythons
  4 giant cockroaches
  13 goblins
  7 hobgoblins
  7 jackals
  7 kobolds
  3 quokkas
  8 bats
  5 frilled lizards
  A leopard gecko skeleton (D:6)
  A quokka skeleton (D:4)
  8 rats
290 creatures vanquished.

Vanquished Creatures (collateral kills)
  Harold (D:7)
  A two-headed ogre (D:12)
  An ugly thing (D:12)
  A cyclops (D:11)
  A spiny frog (Lair:1)
  A troll (D:12)
  3 polar bears (IceCv)
  A hippogriff (Lair:1)
  4 hogs (D:8)
  10 yaks
  A human (D:8)
  An orc warrior (D:12)
  5 ice beasts (Lair:2)
  A black bear (D:8)
  An ogre (D:7)
  5 wolves (IceCv)
  A crocodile (Lair:2)
  Blork the orc (D:4)
  A bullfrog (D:12)
  5 killer bees (D:10)
  2 wights
  A crimson imp (D:12)
  A wyvern simulacrum (D:12)
  2 orc priests
  A worker ant (D:11)
  Robin (D:4)
  An adder skeleton (D:8)
  A leopard gecko (D:8)
  9 orcs
  A goblin (D:4)
66 creatures vanquished.

Vanquished Creatures (others)
  A wizard (D:5)
  A rime drake (IceCv)
  A wolf (IceCv)
  A big kobold (D:10)
  2 orc priests (D:10)
  An orc wizard (D:10)
  2 orcs (D:10)
  A jackal (D:10)
  5 kobolds (D:10)
15 creatures vanquished.

Grand Total: 371 creatures vanquished

Notes
Turn   | Place    | Note
-------+----------+-------------------------------------------
     0 | D:1      | Folque the Human Ice Elementalist began the quest for the
                  | Orb.
     0 | D:1      | Reached XP level 1. HP: 13/13 MP: 3/3
    83 | D:1      | Reached XP level 2. HP: 15/20 MP: 3/5
   570 | D:1      | Reached XP level 3. HP: 23/25 MP: 4/6
   573 | D:1      | Reached skill level 1 in Fighting
   595 | D:1      | Learned a level 2 spell: Throw Frost
   599 | D:1      | Learned a level 3 spell: Ozocubu's Armour
  1123 | D:2      | Found a burning altar of Makhleb.
  1191 | D:2      | Found a hide-covered altar of Uskayaw.
  1229 | D:2      | Reached XP level 4. HP: 25/32 MP: 1/8
  1646 | D:3      | Found a shimmering altar of Xom.
  1646 | D:3      | Found a shimmering altar of Xom.
  1655 | D:3      | Found a shimmering altar of Xom.
  1778 | D:3      | Reached XP level 5. HP: 12/37 MP: 7/10
  2104 | D:3      | Found a sparkling altar of Nemelex Xobeh.
  2312 | D:3      | Noticed Natasha
  2331 | D:3      | Killed Natasha
  2331 | D:3      | Reached skill level 4 in Ice Magic
  2402 | D:3      | Learned a level 4 spell: Summon Ice Beast
  2478 | D:3      | Noticed Natasha
  2483 | D:3      | Killed Natasha
  2483 | D:3      | Reached skill level 1 in Summonings
  2748 | D:4      | Reached XP level 6. HP: 22/43 MP: 7/12
  2776 | D:4      | Found Juss's Distillery.
  3018 | D:4      | Noticed Robin
  3112 | D:4      | Killed Robin
  3583 | D:4      | Found a hazy altar of Hepliaklqana.
  4109 | D:4      | Noticed Blork the orc
  4119 | D:4      | Killed Blork the orc
  4484 | D:5      | Entered Level 5 of the Dungeon
  4519 | D:5      | Got a scintillating turquoise ring
  4520 | D:5      | Identified the ring "Asul" {Ice rN+ Str+2 Dex+6 Stlth-}
                  | (You found it on level 5 of the Dungeon)
  4551 | D:5      | Reached XP level 7. HP: 34/48 MP: 11/14
  4557 | D:5      | Learned a level 4 spell: Throw Icicle
  4648 | D:5      | Reached skill level 5 in Spellcasting
  4974 | D:5      | Found a staircase to the Ecumenical Temple.
  4983 | Temple   | Entered the Ecumenical Temple
  5137 | Temple   | Became a worshipper of Sif Muna the Loreminder
  5268 | D:5      | Got a faintly glowing battleaxe
  5389 | D:5      | Found a bloodstained altar of Trog.
  5390 | D:5      | Noticed a wizard
  5395 | D:5      | Killed a wizard
  5847 | D:6      | Noticed a gargoyle
  6103 | D:6      | Noticed Sigmund
  6125 | D:6      | Killed Sigmund
  6125 | D:6      | Reached XP level 8. HP: 51/54 MP: 4/16
  6379 | D:6      | Identified the +10 battleaxe of Death {holy, Str+5 Dex+3}
                  | (You found it on level 5 of the Dungeon)
  6520 | D:6      | Reached skill level 5 in Summonings
  6860 | D:7      | Noticed Menkaure
  6862 | D:7      | Killed Menkaure
  6862 | D:7      | Reached * piety under Sif Muna
  6862 | D:7      | Reached skill level 5 in Ice Magic
  6872 | D:7      | Noticed Harold
  7035 | D:7      | Killed Harold
  7035 | D:7      | Reached XP level 9. HP: 50/59 MP: 0/19
  7165 | D:7      | Reached ** piety under Sif Muna
  7203 | D:7      | Reached skill level 6 in Ice Magic
  7522 | D:7      | Noticed Joseph
  7536 | D:7      | Killed Joseph
  7536 | D:7      | Reached skill level 5 in Conjurations
  7817 | D:7      | Found a blossoming altar of Fedhas.
  8296 | D:8      | Reached *** piety under Sif Muna
  8296 | D:8      | Reached skill level 7 in Ice Magic
  8296 | D:8      | Reached XP level 10. HP: 46/65 MP: 7/20
  8315 | D:8      | Learned a level 4 spell: Summon Lightning Spire
  8544 | D:8      | Reached skill level 1 in Air Magic
  8544 | D:8      | Reached skill level 1 in Invocations
  8788 | D:8      | Found a staircase to the Lair.
 10212 | D:10     | Entered Level 10 of the Dungeon
 10301 | D:10     | Found a staircase to the Orcish Mines.
 10325 | D:10     | Reached skill level 5 in Invocations
 10342 | D:10     | Reached **** piety under Sif Muna
 10826 | D:10     | Noticed Erica
 10848 | D:10     | Killed Erica
 10848 | D:10     | Reached skill level 8 in Ice Magic
 10848 | D:10     | Reached skill level 5 in Air Magic
 10848 | D:10     | Reached XP level 11. HP: 54/70 MP: 11/21
 11384 | D:11     | Noticed a cyan ugly thing
 11405 | D:11     | Killed a cyan ugly thing
 11582 | D:11     | Noticed a cyclops
 11604 | D:11     | Killed a cyclops
 12225 | D:12     | Noticed Psyche
 12227 | D:12     | Killed Psyche
 12239 | D:12     | Noticed a cyan ugly thing
 12250 | D:12     | Killed a cyan ugly thing
 13047 | D:12     | Killed an unseen horror
 13096 | D:12     | Learned a level 5 spell: Metabolic Englaciation
 13158 | D:12     | Found Gegukhlo's Mass Market.
 13166 | D:12     | Reached skill level 9 in Ice Magic
 13186 | D:12     | Noticed a red ugly thing
 13186 | D:12     | Noticed a deep elf mage
 13204 | D:12     | Killed a red ugly thing
 13228 | D:12     | Killed a deep elf mage
 13228 | D:12     | Reached ***** piety under Sif Muna
 13406 | D:12     | Identified Sif Muna's Reference Book on the Excruciating
                  | Frostbite (Sif Muna gifted it to you on level 12 of the
                  | Dungeon)
 13406 | D:12     | Received a gift from Sif Muna
 13406 | D:12     | Reached XP level 12. HP: 43/76 MP: 13/22
 13779 | D:12     | Noticed a two-headed ogre
 13787 | D:12     | Killed a two-headed ogre
 13787 | D:12     | Reached skill level 1 in Evocations
 13805 | D:12     | Reached skill level 1 in Axes
 13806 | D:12     | HP: 2/76 [orc knight/+0 long sword (13)]
 14300 | Lair:1   | Entered Level 1 of the Lair of Beasts
 14781 | Lair:1   | Found a white marble altar of Elyvilon.
 15398 | Lair:2   | Found a frozen archway.
 15438 | IceCv    | Entered an ice cave
 15822 | IceCv    | Reached skill level 10 in Ice Magic
 15822 | IceCv    | Reached skill level 5 in Evocations
 15943 | IceCv    | Got a pitted steel ring
 15947 | IceCv    | Identified the ring "Zythreb" {Ice Dex+7} (You found it in
                  | an ice cave)
 16187 | IceCv    | Noticed a death yak
 16195 | IceCv    | Killed a death yak
 16633 | IceCv    | Noticed a frost giant
 16678 | IceCv    | Killed a frost giant
 16678 | IceCv    | Reached XP level 13. HP: 6/81 MP: 2/23
 17273 | IceCv    | Identified the Catalogue of the Frostbite
 17363 | Lair:2   | Learned a level 6 spell: Bolt of Cold
 17397 | Lair:2   | Noticed a seven-headed hydra
 17403 | Lair:2   | Killed a seven-headed hydra
 17403 | Lair:2   | Reached skill level 11 in Ice Magic
 18472 | Lair:3   | Reached skill level 12 in Ice Magic
 18478 | Lair:3   | Received a gift from Sif Muna
 18635 | Lair:3   | Noticed a seven-headed hydra
 18659 | Lair:3   | Noticed a five-headed hydra
 18667 | Lair:3   | Slain by a seven-headed hydra

Skill      XL: |  1  2  3  4  5  6  7  8  9 10 11 12 13 |
---------------+----------------------------------------+-----
Fighting       | 1 |  1.0
Spellcasting   | 3 4 5 6 7 |  7.3
Ice Magic      | 4 5 7 8 9 10 12 | 12.0
Summonings     | 1 3 4 5 |  5.0
Conjurations   | 3 6 7 |  7.1
Air Magic      | 5 7 |  7.5
Invocations    | 5 8 |  8.2
Dodging        | 3 4 |  4.0
Evocations     | 7 8 |  8.0
Axes           | 3 |  3.4
Stealth        | |  2.0

Action                   |  1- 3 |  4- 6 |  7- 9 | 10-12 | 13-15 || total
-------------------------+-------+-------+-------+-------+-------++-------
Melee: Unarmed           |     9 |       |       |       |       ||     9
       Dagger            |   113 |   199 |       |       |       ||   312
       Quarterstaff      |       |     9 |    35 |       |       ||    44
       Battleaxe         |       |       |    49 |   208 |     6 ||   263
Throw: Tomahawk          |       |       |     4 |       |       ||     4
 Cast: Freeze            |    28 |    57 |    23 |    48 |     6 ||   162
       Throw Frost       |     1 |     6 |    12 |    16 |       ||    35
       Summon Ice Beast  |       |     3 |    13 |    38 |       ||    54
       Ozocubu's Armour  |       |     3 |     7 |     7 |       ||    17
       Throw Icicle      |       |       |    14 |    92 |    42 ||   148
       Summon Lightning  |       |       |       |    16 |       ||    16
       Metabolic Englaci |       |       |       |     1 |     4 ||     5
       Bolt of Cold      |       |       |       |       |     3 ||     3
Invok: Divine Energy     |       |       |     1 |       |       ||     1
Evoke: Wand              |       |       |       |     5 |     2 ||     7
  Use: Scroll            |     1 |     2 |     5 |     6 |     2 ||    16
       Potion            |       |     3 |     1 |     7 |       ||    11
 Stab: Sleeping          |     6 |     5 |       |     2 |       ||    13
       Distracted        |       |     1 |     1 |     2 |       ||     4
  Eat: Chunk             |     1 |    12 |     9 |    37 |    12 ||    71
       Ration            |       |       |     2 |     4 |       ||     6
Armor: Robe              |    45 |    51 |    21 |   105 |     4 ||   226
       Skin              |       |     8 |       |       |       ||     8
Dodge: Dodged            |   116 |   150 |    85 |   230 |    12 ||   593
